Avalanche vs Panthers

Created - March 5, 2024 at 11:45

Goals
1 2 3 OT1 T
Avalanche 0 1 1 1 3
Panthers 1 1 0 0 2
Shots
1 2 3 OT1 T
Avalanche 15 11 15 5 46
Panthers 8 9 11 2 30

GoalsPenalties
1st period
1. Panthers , Brady Tkachuk 15 (Roope Hintz 36, Jack Hughes 21) at 13:01 (PP)
Josh Norris (COL) for Slashing (Minor) at 1:16
Charlie McAvoy (FLA) for Tripping (Minor) at 9:14
Max Pacioretty (COL) for Tripping (Minor) at 12:14
2nd period
2. Avalanche , Josh Norris 18 (Vladimir Tarasenko 31, Alexandre Carrier 12) at 4:55
3. Panthers , Aleksander Barkov 34 (Owen Power 35, Jake Sanderson 21) at 10:33
Jake Sanderson (FLA) for Holding (Minor) at 8:19
Tyler Myers (COL) for Tripping (Minor) at 11:22
Artem Zub (COL) for Roughing (Minor) at 19:52
3rd period
4. Avalanche , Troy Terry 22 (Adam Henrique 28, Michael Anderson 18) at 6:04
Charlie McAvoy (FLA) for Roughing (Minor) at 3:18
Oliver Ekman-Larsson (FLA) for Elbowing (Minor) at 11:02
Overtime #1
5. Avalanche , Vladimir Tarasenko 15 (Travis Sanheim 33) at 3:13
No Penalty
Goalie Stats
Stuart Skinner (COL), 28 saves from 30 shots - (0.933), W, 22-6-5, 63:14 minutes
Craig Anderson (FLA), 43 saves from 46 shots - (0.935), OTL, 6-1-1, 63:14 minutes
3 StarsOfficial
1 - Vladimir Tarasenko (COL)
2 - Craig Anderson (FLA)
3 - Travis Sanheim (COL)
Referees : Stephen Hiff and Mike Duco
Linesman : Jesse Marquis and Robb Harrell
Game Note
No Game Note
Finance
Level 1 -- Attendance: 5483 (91.38%) -- Ticket Income $657,960
Level 2 -- Attendance: 4390 (87.80%) -- Ticket Income $408,270
Level 3 -- Attendance: 3259 (93.11%) -- Ticket Income $221,612
Level 4 -- Attendance: 2420 (64.53%) -- Ticket Income $104,060
Luxury Box -- Attendance: 1000 (100.00%) -- Ticket Income $230,000
Game was played at the BBT Center.
Total Attendance: 16552 (85.98%)
Total Ticket Income: $1,621,902
Other Income: $405,476
Total Income: $2,027,378



Team Name Goals Shots Shots Attemp Shots Blocked PIM HIT PP PK FO%
Avalanche 3468548220 / 4 (0%)146%
Panthers 23053108161 / 4 (25%)054%

Avalanche
Player Name POS G A P +/- PIM HIT SHT SB MP PP MP PP SHT PK MP PK SHT FO% FOT
Adam HenriqueC0111004017:120:0003:48050% 26
Alexandre CarrierD0111002015:240:0001:4510% 0
Artem ZubD0000225021:164:4932:1010% 0
Colton ParaykoD0000001126:043:0703:3800% 0
Connor DewarC000-102008:000:0004:0800% 1
Dillon DubeC000-100006:280:0002:36067% 6
Eeli TolvanenRW0001001013:240:0000:000100% 1
Jonathan ToewsC0000002018:454:3400:00054% 26
Josh NorrisC1011202017:343:2200:20022% 18
Max PaciorettyLW0002232018:323:2200:0000% 3
Michael AndersonD0111002113:390:0000:0000% 0
Mikko RantanenRW0000014020:414:3410:00080% 5
Ross ColtonC000-100006:280:0002:360100% 2
Tim StutzleLW0000025020:414:3420:00067% 3
Travis SanheimD0111051125:263:0703:3800% 0
Troy TerryRW1011005013:240:0000:0000% 2
Tyler MyersD0000235121:234:4932:1700% 0
Vladimir TarasenkoRW1122045018:333:2210:00033% 6
Panthers
Player Name POS G A P +/- PIM HIT SHT SB MP PP MP PP SHT PK MP PK SHT FO% FOT
Aleksander BarkovC1010007122:443:3210:00055% 31
Andrei SvechnikovRW0000020022:263:3200:0000% 2
Brady TkachukLW101-2052018:043:1210:060100% 1
Charlie McAvoyD0000434325:074:1942:1900% 0
Frederick GaudreauC000000109:240:0005:12043% 7
Jack HughesC011-1007019:473:1210:360100% 1
Jake SandersonD0111211019:550:0002:3200% 0
Jamie BennLW000001009:010:0000:000100% 1
Matthew TkachukLW0000003022:443:3210:000100% 2
Michael McLeodC000000006:380:0002:2600% 1
Mikael BacklundC0000000014:070:0005:06050% 22
Mike MathesonD000-2010213:312:2500:0000% 0
Oliver Ekman-LarssonD000-2210014:040:0002:5900% 0
Owen PowerD0110001023:252:2503:2600% 0
Quinn HughesD0000000327:084:1904:3600% 0
Reilly SmithRW0000012011:270:0002:2600% 0
Robby FabbriC000001004:120:0000:000100% 1
Roope HintzC011-2002117:583:1210:00053% 30



Play-by-Play

1st period


0:01 of 1st period - Jonathan Toews wins face-off versus Aleksander Barkov in neutral zone.
0:10 of 1st period - Shot by Aleksander Barkov.
0:10 of 1st period - Shot Misses the Net.
0:24 of 1st period - Shot by Aleksander Barkov.
0:24 of 1st period - Stopped by Stuart Skinner without a rebound.
0:25 of 1st period - Roope Hintz wins face-off versus Vladimir Tarasenko in Avalanche zone.
0:26 of 1st period - Shot by Jack Hughes.
0:26 of 1st period - Stopped by Stuart Skinner with a rebound.
0:32 of 1st period - Shot by Jack Hughes.
0:32 of 1st period - Shot Misses the Net.
0:34 of 1st period - Shot by Jake Sanderson.
0:34 of 1st period - Stopped by Stuart Skinner without a rebound.
0:35 of 1st period - Adam Henrique wins face-off versus Mikael Backlund in Avalanche zone.
0:35 of 1st period - Adam Henrique is hit by Reilly Smith.
0:57 of 1st period - Shot by Mikael Backlund.
0:57 of 1st period - Shot Blocked by Michael Anderson.
1:09 of 1st period - Shot by Troy Terry.
1:09 of 1st period - Shot Blocked by Mike Matheson.
1:11 of 1st period - Shot by Michael Anderson.
1:11 of 1st period - Stopped by Craig Anderson without a rebound.
1:12 of 1st period - Roope Hintz wins face-off versus Josh Norris in Panthers zone.
1:12 of 1st period - Brady Tkachuk is hit by Max Pacioretty and loses puck.
1:16 of 1st period - Minor Penalty to Josh Norris for Slashing.
1:17 of 1st period - Aleksander Barkov wins face-off versus Adam Henrique in Avalanche zone.
1:32 of 1st period - Shot by Charlie McAvoy.
1:32 of 1st period - Shot Misses the Net.
1:48 of 1st period - Shot by Charlie McAvoy.
1:48 of 1st period - Shot Misses the Net.
2:41 of 1st period - Jack Hughes is hit by Tyler Myers and loses puck.
2:48 of 1st period - Shot by Brady Tkachuk.
2:48 of 1st period - Shot Misses the Net.
2:50 of 1st period - Shot by Owen Power.
2:50 of 1st period - Shot Misses the Net.
2:52 of 1st period - Shot by Roope Hintz.
2:52 of 1st period - Shot Misses the Net.
2:54 of 1st period - Shot by Mike Matheson.
2:54 of 1st period - Shot Misses the Net.
3:30 of 1st period - Shot by Frederick Gaudreau.
3:30 of 1st period - Stopped by Stuart Skinner without a rebound.
3:31 of 1st period - Mikael Backlund wins face-off versus Jonathan Toews in Avalanche zone.
3:32 of 1st period - Shot by Jamie Benn.
3:32 of 1st period - Shot Misses the Net.
3:53 of 1st period - Icing by Mike Matheson.
3:54 of 1st period - Josh Norris wins face-off versus Mikael Backlund in Panthers zone.
5:15 of 1st period - Shot by Mikko Rantanen.
5:15 of 1st period - Stopped by Craig Anderson with a rebound.
5:17 of 1st period - Shot by Colton Parayko.
5:17 of 1st period - Stopped by Craig Anderson without a rebound.
5:18 of 1st period - Adam Henrique wins face-off versus Roope Hintz in Panthers zone.
5:21 of 1st period - Shot by Troy Terry.
5:21 of 1st period - Deflect By Adam Henrique.
5:21 of 1st period - Stopped by Craig Anderson with a rebound.
5:35 of 1st period - Shot by Tyler Myers.
5:35 of 1st period - Stopped by Craig Anderson without a rebound.
5:36 of 1st period - Dillon Dube wins face-off versus Frederick Gaudreau in Panthers zone.
5:46 of 1st period - Icing by Owen Power.
5:47 of 1st period - Adam Henrique wins face-off versus Frederick Gaudreau in Panthers zone.
5:53 of 1st period - Off-side.
5:54 of 1st period - Adam Henrique wins face-off versus Roope Hintz in neutral zone.
6:42 of 1st period - Icing by Quinn Hughes.
6:43 of 1st period - Roope Hintz wins face-off versus Tim Stutzle in Panthers zone.
7:02 of 1st period - Matthew Tkachuk is hit by Tim Stutzle and loses puck.
7:14 of 1st period - Off-side.
7:15 of 1st period - Vladimir Tarasenko wins face-off versus Frederick Gaudreau in neutral zone.
7:24 of 1st period - Shot by Vladimir Tarasenko.
7:24 of 1st period - Stopped by Craig Anderson without a rebound.
7:25 of 1st period - Matthew Tkachuk wins face-off versus Dillon Dube in Panthers zone.
8:02 of 1st period - Jake Sanderson is hit by Connor Dewar and loses puck.
8:18 of 1st period - Icing by Owen Power.
8:19 of 1st period - Aleksander Barkov wins face-off versus Josh Norris in Panthers zone.
8:41 of 1st period - Off-side.
8:42 of 1st period - Jonathan Toews wins face-off versus Mikael Backlund in neutral zone.
8:44 of 1st period - Mikko Rantanen is hit by Charlie McAvoy and loses puck.
9:05 of 1st period - Shot by Mikko Rantanen.
9:05 of 1st period - Stopped by Craig Anderson with a rebound.
9:07 of 1st period - Shot by Alexandre Carrier.
9:07 of 1st period - Shot Misses the Net.
9:09 of 1st period - Shot by Michael Anderson.
9:09 of 1st period - Shot Misses the Net.
9:13 of 1st period - Shot by Tim Stutzle.
9:13 of 1st period - Shot Misses the Net.
9:14 of 1st period - Minor Penalty to Charlie McAvoy for Tripping.
9:15 of 1st period - Josh Norris wins face-off versus Mikael Backlund in Panthers zone.
9:56 of 1st period - Michael McLeod is hit by Vladimir Tarasenko and loses puck.
10:25 of 1st period - Shot by Tim Stutzle.
10:25 of 1st period - Stopped by Craig Anderson with a rebound.
10:27 of 1st period - Shot by Tyler Myers.
10:27 of 1st period - Stopped by Craig Anderson with a rebound.
10:29 of 1st period - Shot by Artem Zub.
10:29 of 1st period - Shot Misses the Net.
10:31 of 1st period - Shot by Artem Zub.
10:31 of 1st period - Stopped by Craig Anderson without a rebound.
10:32 of 1st period - Jonathan Toews wins face-off versus Mikael Backlund in Panthers zone.
10:37 of 1st period - Shot by Tim Stutzle.
10:37 of 1st period - Shot Misses the Net.
10:39 of 1st period - Shot by Artem Zub.
10:39 of 1st period - Stopped by Craig Anderson without a rebound.
10:40 of 1st period - Mikael Backlund wins face-off versus Jonathan Toews in Panthers zone.
12:14 of 1st period - Minor Penalty to Max Pacioretty for Tripping.
12:15 of 1st period - Roope Hintz wins face-off versus Connor Dewar in Avalanche zone.
12:20 of 1st period - Shot by Charlie McAvoy.
12:20 of 1st period - Stopped by Stuart Skinner with a rebound.
12:22 of 1st period - Shot by Charlie McAvoy.
12:22 of 1st period - Shot Blocked by Travis Sanheim.
12:24 of 1st period - Shot by Quinn Hughes.
12:24 of 1st period - Shot Misses the Net.
12:34 of 1st period - Shot by Charlie McAvoy.
12:34 of 1st period - Stopped by Stuart Skinner without a rebound.
12:35 of 1st period - Roope Hintz wins face-off versus Adam Henrique in Avalanche zone.
12:47 of 1st period - Quinn Hughes is hit by Travis Sanheim and loses puck.
13:01 of 1st period - Shot by Brady Tkachuk.
13:01 of 1st period - Goal by Brady Tkachuk - Avalanche : 0 - Panthers : 1.
13:02 of 1st period - Aleksander Barkov wins face-off versus Josh Norris in neutral zone.
13:30 of 1st period - Vladimir Tarasenko is hit by Jake Sanderson and loses puck.
13:47 of 1st period - Shot by Vladimir Tarasenko.
13:47 of 1st period - Shot Misses the Net.
14:08 of 1st period - Mikko Rantanen is hit by Charlie McAvoy.
14:28 of 1st period - Shot by Mikko Rantanen.
14:28 of 1st period - Shot Blocked by Charlie McAvoy.
15:08 of 1st period - Shot by Eeli Tolvanen.
15:08 of 1st period - Deflect By Adam Henrique.
15:08 of 1st period - Shot Misses the Net.
15:10 of 1st period - Shot by Adam Henrique.
15:10 of 1st period - Deflect By Eeli Tolvanen.
15:10 of 1st period - Shot Misses the Net.
15:17 of 1st period - Troy Terry is hit by Oliver Ekman-Larsson and loses puck.
15:24 of 1st period - Shot by Troy Terry.
15:24 of 1st period - Stopped by Craig Anderson with a rebound.
15:26 of 1st period - Shot by Eeli Tolvanen.
15:26 of 1st period - Stopped by Craig Anderson with a rebound.
15:28 of 1st period - Shot by Alexandre Carrier.
15:28 of 1st period - Stopped by Craig Anderson without a rebound.
15:29 of 1st period - Frederick Gaudreau wins face-off versus Josh Norris in Panthers zone.
15:29 of 1st period - Frederick Gaudreau is hit by Vladimir Tarasenko.
15:37 of 1st period - Tyler Myers is hit by Robby Fabbri and loses puck.
16:07 of 1st period - Icing by Artem Zub.
16:08 of 1st period - Roope Hintz wins face-off versus Josh Norris in Avalanche zone.
16:29 of 1st period - Shot by Roope Hintz.
16:29 of 1st period - Stopped by Stuart Skinner with a rebound.
17:02 of 1st period - Off-side.
17:03 of 1st period - Aleksander Barkov wins face-off versus Jonathan Toews in neutral zone.
17:12 of 1st period - Shot by Tim Stutzle.
17:12 of 1st period - Stopped by Craig Anderson without a rebound.
17:13 of 1st period - Aleksander Barkov wins face-off versus Adam Henrique in Panthers zone.
18:32 of 1st period - Michael Anderson is hit by Brady Tkachuk and loses puck.
19:46 of 1st period - Off-side.
19:47 of 1st period - Aleksander Barkov wins face-off versus Josh Norris in neutral zone.
19:49 of 1st period - Owen Power is hit by Tyler Myers and loses puck.
Goals for this period are 0 for Avalanche vs 1 for Panthers.
Shots for this period are 15 for Avalanche vs 8 for Panthers.

2nd period


0:01 of 2nd period - Mikko Rantanen wins face-off versus Aleksander Barkov in neutral zone.
0:25 of 2nd period - Aleksander Barkov is hit by Travis Sanheim and loses puck.
0:34 of 2nd period - Shot by Aleksander Barkov.
0:34 of 2nd period - Shot Misses the Net.
0:46 of 2nd period - Shot by Matthew Tkachuk.
0:46 of 2nd period - Stopped by Stuart Skinner with a rebound.
0:55 of 2nd period - Icing by Mikko Rantanen.
0:56 of 2nd period - Jonathan Toews wins face-off versus Roope Hintz in Avalanche zone.
1:19 of 2nd period - Shot by Jack Hughes.
1:19 of 2nd period - Stopped by Stuart Skinner without a rebound.
1:20 of 2nd period - Adam Henrique wins face-off versus Mikael Backlund in Avalanche zone.
1:20 of 2nd period - Adam Henrique is hit by Jamie Benn.
1:30 of 2nd period - Shot by Adam Henrique.
1:30 of 2nd period - Stopped by Craig Anderson without a rebound.
1:31 of 2nd period - Roope Hintz wins face-off versus Josh Norris in Panthers zone.
1:31 of 2nd period - Roope Hintz is hit by Max Pacioretty.
1:36 of 2nd period - Icing by Jake Sanderson.
1:37 of 2nd period - Roope Hintz wins face-off versus Vladimir Tarasenko in Panthers zone.
2:07 of 2nd period - Shot by Roope Hintz.
2:07 of 2nd period - Shot Misses the Net.
2:10 of 2nd period - Icing by Alexandre Carrier.
2:11 of 2nd period - Aleksander Barkov wins face-off versus Josh Norris in Avalanche zone.
2:33 of 2nd period - Icing by Alexandre Carrier.
2:34 of 2nd period - Robby Fabbri wins face-off versus Josh Norris in Avalanche zone.
2:39 of 2nd period - Shot by Robby Fabbri.
2:39 of 2nd period - Deflect By Michael McLeod.
2:39 of 2nd period - Shot Misses the Net.
3:02 of 2nd period - Robby Fabbri is hit by Travis Sanheim and loses puck.
3:51 of 2nd period - Shot by Mikko Rantanen.
3:51 of 2nd period - Deflect By Tim Stutzle.
3:51 of 2nd period - Shot Misses the Net.
4:17 of 2nd period - Shot by Mikko Rantanen.
4:17 of 2nd period - Shot Misses the Net.
4:19 of 2nd period - Shot by Artem Zub.
4:19 of 2nd period - Shot Misses the Net.
4:21 of 2nd period - Shot by Tyler Myers.
4:21 of 2nd period - Stopped by Craig Anderson without a rebound.
4:22 of 2nd period - Vladimir Tarasenko wins face-off versus Roope Hintz in Panthers zone.
4:55 of 2nd period - Shot by Vladimir Tarasenko.
4:55 of 2nd period - Deflect By Josh Norris.
4:55 of 2nd period - Goal by Josh Norris - Avalanche : 1 - Panthers : 1.
4:56 of 2nd period - Dillon Dube wins face-off versus Mikael Backlund in neutral zone.
5:37 of 2nd period - Shot by Reilly Smith.
5:37 of 2nd period - Stopped by Stuart Skinner without a rebound.
5:38 of 2nd period - Jonathan Toews wins face-off versus Andrei Svechnikov in Avalanche zone.
5:40 of 2nd period - Icing by Mikko Rantanen.
5:41 of 2nd period - Aleksander Barkov wins face-off versus Jonathan Toews in Avalanche zone.
5:54 of 2nd period - Shot by Tim Stutzle.
5:54 of 2nd period - Deflect By Jonathan Toews.
5:54 of 2nd period - Shot Blocked by Quinn Hughes.
6:26 of 2nd period - Shot by Tim Stutzle.
6:26 of 2nd period - Shot Misses the Net.
6:42 of 2nd period - Icing by Travis Sanheim.
6:43 of 2nd period - Roope Hintz wins face-off versus Adam Henrique in Avalanche zone.
6:52 of 2nd period - Shot by Jack Hughes.
6:52 of 2nd period - Shot Misses the Net.
6:54 of 2nd period - Shot by Owen Power.
6:54 of 2nd period - Stopped by Stuart Skinner without a rebound.
6:55 of 2nd period - Mikael Backlund wins face-off versus Max Pacioretty in Avalanche zone.
7:03 of 2nd period - Icing by Alexandre Carrier.
7:04 of 2nd period - Josh Norris wins face-off versus Roope Hintz in Avalanche zone.
7:04 of 2nd period - Josh Norris is hit by Brady Tkachuk.
7:31 of 2nd period - Shot by Jack Hughes.
7:31 of 2nd period - Stopped by Stuart Skinner without a rebound.
7:32 of 2nd period - Aleksander Barkov wins face-off versus Adam Henrique in Avalanche zone.
7:36 of 2nd period - Icing by Travis Sanheim.
7:37 of 2nd period - Aleksander Barkov wins face-off versus Adam Henrique in Avalanche zone.
7:53 of 2nd period - Icing by Travis Sanheim.
7:54 of 2nd period - Adam Henrique wins face-off versus Roope Hintz in Avalanche zone.
7:54 of 2nd period - Adam Henrique is hit by Brady Tkachuk.
8:19 of 2nd period - Minor Penalty to Jake Sanderson for Holding.
8:20 of 2nd period - Jonathan Toews wins face-off versus Mikael Backlund in Panthers zone.
8:21 of 2nd period - Shot by Mikko Rantanen.
8:21 of 2nd period - Stopped by Craig Anderson with a rebound.
8:23 of 2nd period - Shot by Tim Stutzle.
8:23 of 2nd period - Stopped by Craig Anderson without a rebound.
8:24 of 2nd period - Mikael Backlund wins face-off versus Josh Norris in Panthers zone.
8:24 of 2nd period - Quinn Hughes is hit by Vladimir Tarasenko and loses puck.
8:39 of 2nd period - Shot by Vladimir Tarasenko.
8:39 of 2nd period - Stopped by Craig Anderson without a rebound.
8:40 of 2nd period - Mikael Backlund wins face-off versus Jonathan Toews in Panthers zone.
9:55 of 2nd period - Shot by Vladimir Tarasenko.
9:55 of 2nd period - Shot Blocked by Charlie McAvoy.
9:57 of 2nd period - Shot by Artem Zub.
9:57 of 2nd period - Shot Blocked by Quinn Hughes.
10:33 of 2nd period - Shot by Aleksander Barkov.
10:33 of 2nd period - Goal by Aleksander Barkov - Avalanche : 1 - Panthers : 2.
10:34 of 2nd period - Roope Hintz wins face-off versus Adam Henrique in neutral zone.
10:58 of 2nd period - Shot by Jack Hughes.
10:58 of 2nd period - Stopped by Stuart Skinner with a rebound.
11:00 of 2nd period - Shot by Brady Tkachuk.
11:00 of 2nd period - Stopped by Stuart Skinner without a rebound.
11:01 of 2nd period - Jonathan Toews wins face-off versus Aleksander Barkov in Avalanche zone.
11:12 of 2nd period - Shot by Jonathan Toews.
11:12 of 2nd period - Stopped by Craig Anderson without a rebound.
11:13 of 2nd period - Jamie Benn wins face-off versus Vladimir Tarasenko in Panthers zone.
11:22 of 2nd period - Minor Penalty to Tyler Myers for Tripping.
11:23 of 2nd period - Adam Henrique wins face-off versus Aleksander Barkov in Avalanche zone.
11:35 of 2nd period - Aleksander Barkov is hit by Artem Zub and loses puck.
12:02 of 2nd period - Shot by Ross Colton.
12:02 of 2nd period - Shot Misses the Net.
12:04 of 2nd period - Shot by Alexandre Carrier.
12:04 of 2nd period - Stopped by Craig Anderson with a rebound.
12:06 of 2nd period - Shot by Artem Zub.
12:06 of 2nd period - Stopped by Craig Anderson without a rebound.
12:07 of 2nd period - Adam Henrique wins face-off versus Roope Hintz in Panthers zone.
13:06 of 2nd period - Shot by Charlie McAvoy.
13:06 of 2nd period - Stopped by Stuart Skinner without a rebound.
13:07 of 2nd period - Ross Colton wins face-off versus Aleksander Barkov in Avalanche zone.
14:16 of 2nd period - Owen Power is hit by Tim Stutzle and loses puck.
14:47 of 2nd period - Shot by Josh Norris.
14:47 of 2nd period - Shot Misses the Net.
14:49 of 2nd period - Shot by Alexandre Carrier.
14:49 of 2nd period - Shot Blocked by Charlie McAvoy.
14:57 of 2nd period - Shot by Max Pacioretty.
14:57 of 2nd period - Stopped by Craig Anderson without a rebound.
14:58 of 2nd period - Adam Henrique wins face-off versus Roope Hintz in Panthers zone.
15:05 of 2nd period - Shot by Troy Terry.
15:05 of 2nd period - Shot Misses the Net.
15:14 of 2nd period - Icing by Mike Matheson.
15:15 of 2nd period - Dillon Dube wins face-off versus Roope Hintz in Panthers zone.
15:41 of 2nd period - Icing by Connor Dewar.
15:42 of 2nd period - Dillon Dube wins face-off versus Aleksander Barkov in Avalanche zone.
15:44 of 2nd period - Colton Parayko is hit by Andrei Svechnikov and loses puck.
15:48 of 2nd period - Off-side.
15:49 of 2nd period - Aleksander Barkov wins face-off versus Jonathan Toews in neutral zone.
15:53 of 2nd period - Off-side.
15:54 of 2nd period - Aleksander Barkov wins face-off versus Jonathan Toews in neutral zone.
15:56 of 2nd period - Quinn Hughes is hit by Artem Zub and loses puck.
16:02 of 2nd period - Icing by Artem Zub.
16:03 of 2nd period - Aleksander Barkov wins face-off versus Jonathan Toews in Avalanche zone.
16:10 of 2nd period - Shot by Jonathan Toews.
16:10 of 2nd period - Shot Misses the Net.
16:12 of 2nd period - Shot by Jonathan Toews.
16:12 of 2nd period - Stopped by Craig Anderson with a rebound.
16:14 of 2nd period - Shot by Tyler Myers.
16:14 of 2nd period - Shot Misses the Net.
16:59 of 2nd period - Shot by Max Pacioretty.
16:59 of 2nd period - Shot Misses the Net.
17:40 of 2nd period - Icing by Travis Sanheim.
17:41 of 2nd period - Mikael Backlund wins face-off versus Josh Norris in Avalanche zone.
18:45 of 2nd period - Icing by Owen Power.
18:46 of 2nd period - Roope Hintz wins face-off versus Jonathan Toews in Panthers zone.
18:46 of 2nd period - Roope Hintz is hit by Mikko Rantanen.
19:40 of 2nd period - Artem Zub is hit by Charlie McAvoy and loses puck.
19:48 of 2nd period - Quinn Hughes is hit by Tyler Myers and loses puck.
19:52 of 2nd period - Minor Penalty to Artem Zub for Roughing.
19:53 of 2nd period - Adam Henrique wins face-off versus Aleksander Barkov in Avalanche zone.
Goals for this period are 1 for Avalanche vs 1 for Panthers.
Shots for this period are 11 for Avalanche vs 9 for Panthers.

3rd period


0:01 of 3rd period - Adam Henrique wins face-off versus Aleksander Barkov in neutral zone.
0:22 of 3rd period - Shot by Quinn Hughes.
0:22 of 3rd period - Shot Misses the Net.
0:24 of 3rd period - Shot by Charlie McAvoy.
0:24 of 3rd period - Stopped by Stuart Skinner without a rebound.
0:25 of 3rd period - Ross Colton wins face-off versus Roope Hintz in Avalanche zone.
0:36 of 3rd period - Shot by Roope Hintz.
0:36 of 3rd period - Stopped by Stuart Skinner without a rebound.
0:37 of 3rd period - Aleksander Barkov wins face-off versus Adam Henrique in Avalanche zone.
1:16 of 3rd period - Shot by Matthew Tkachuk.
1:16 of 3rd period - Stopped by Stuart Skinner with a rebound.
1:18 of 3rd period - Shot by Aleksander Barkov.
1:18 of 3rd period - Stopped by Stuart Skinner without a rebound.
1:19 of 3rd period - Roope Hintz wins face-off versus Adam Henrique in Avalanche zone.
1:24 of 3rd period - Shot by Jack Hughes.
1:24 of 3rd period - Stopped by Stuart Skinner without a rebound.
1:25 of 3rd period - Adam Henrique wins face-off versus Roope Hintz in Avalanche zone.
1:25 of 3rd period - Adam Henrique is hit by Brady Tkachuk.
1:38 of 3rd period - Icing by Owen Power.
1:39 of 3rd period - Brady Tkachuk wins face-off versus Adam Henrique in Panthers zone.
1:39 of 3rd period - Brady Tkachuk is hit by Connor Dewar.
2:09 of 3rd period - Shot by Mikko Rantanen.
2:09 of 3rd period - Shot Blocked by Aleksander Barkov.
2:11 of 3rd period - Shot by Artem Zub.
2:11 of 3rd period - Stopped by Craig Anderson without a rebound.
2:12 of 3rd period - Roope Hintz wins face-off versus Troy Terry in Panthers zone.
2:45 of 3rd period - Shot by Brady Tkachuk.
2:45 of 3rd period - Shot Blocked by Colton Parayko.
3:18 of 3rd period - Minor Penalty to Charlie McAvoy for Roughing.
3:19 of 3rd period - Mikael Backlund wins face-off versus Jonathan Toews in Panthers zone.
3:56 of 3rd period - Shot by Tyler Myers.
3:56 of 3rd period - Stopped by Craig Anderson without a rebound.
3:57 of 3rd period - Mikael Backlund wins face-off versus Josh Norris in Panthers zone.
4:27 of 3rd period - Shot by Josh Norris.
4:27 of 3rd period - Shot Misses the Net.
4:29 of 3rd period - Shot by Colton Parayko.
4:29 of 3rd period - Shot Misses the Net.
5:19 of 3rd period - Shot by Troy Terry.
5:19 of 3rd period - Deflect By Adam Henrique.
5:19 of 3rd period - Stopped by Craig Anderson without a rebound.
5:20 of 3rd period - Aleksander Barkov wins face-off versus Troy Terry in Panthers zone.
6:02 of 3rd period - Shot by Adam Henrique.
6:02 of 3rd period - Shot Blocked by Mike Matheson.
6:04 of 3rd period - Shot by Troy Terry.
6:04 of 3rd period - Goal by Troy Terry - Avalanche : 2 - Panthers : 2.
6:05 of 3rd period - Josh Norris wins face-off versus Roope Hintz in neutral zone.
6:27 of 3rd period - Quinn Hughes is hit by Travis Sanheim and loses puck.
6:48 of 3rd period - Shot by Max Pacioretty.
6:48 of 3rd period - Stopped by Craig Anderson without a rebound.
6:49 of 3rd period - Jonathan Toews wins face-off versus Mikael Backlund in Panthers zone.
7:04 of 3rd period - Shot by Mikael Backlund.
7:04 of 3rd period - Shot Blocked by Tyler Myers.
8:37 of 3rd period - Shot by Colton Parayko.
8:37 of 3rd period - Shot Misses the Net.
9:05 of 3rd period - Icing by Quinn Hughes.
9:06 of 3rd period - Roope Hintz wins face-off versus Adam Henrique in Panthers zone.
9:25 of 3rd period - Shot by Jack Hughes.
9:25 of 3rd period - Stopped by Stuart Skinner without a rebound.
9:26 of 3rd period - Frederick Gaudreau wins face-off versus Dillon Dube in Avalanche zone.
10:25 of 3rd period - Icing by Owen Power.
10:26 of 3rd period - Frederick Gaudreau wins face-off versus Max Pacioretty in Panthers zone.
10:26 of 3rd period - Frederick Gaudreau is hit by Vladimir Tarasenko.
10:58 of 3rd period - Shot by Josh Norris.
10:58 of 3rd period - Stopped by Craig Anderson without a rebound.
10:59 of 3rd period - Tim Stutzle wins face-off versus Roope Hintz in Panthers zone.
11:01 of 3rd period - Mikko Rantanen is hit by Mike Matheson and loses puck.
11:02 of 3rd period - Minor Penalty to Oliver Ekman-Larsson for Elbowing.
11:03 of 3rd period - Jonathan Toews wins face-off versus Mikael Backlund in Panthers zone.
11:28 of 3rd period - Shot by Artem Zub.
11:28 of 3rd period - Stopped by Craig Anderson without a rebound.
11:29 of 3rd period - Mikael Backlund wins face-off versus Josh Norris in Panthers zone.
11:49 of 3rd period - Off-side.
11:50 of 3rd period - Jonathan Toews wins face-off versus Mikael Backlund in neutral zone.
12:10 of 3rd period - Icing by Artem Zub.
12:11 of 3rd period - Jonathan Toews wins face-off versus Michael McLeod in Avalanche zone.
12:21 of 3rd period - Shot by Tyler Myers.
12:21 of 3rd period - Stopped by Craig Anderson with a rebound.
13:20 of 3rd period - Shot by Adam Henrique.
13:20 of 3rd period - Shot Misses the Net.
13:22 of 3rd period - Shot by Alexandre Carrier.
13:22 of 3rd period - Shot Misses the Net.
14:13 of 3rd period - Shot by Vladimir Tarasenko.
14:13 of 3rd period - Shot Blocked by Roope Hintz.
14:23 of 3rd period - Mike Matheson is hit by Max Pacioretty and loses puck.
14:34 of 3rd period - Shot by Vladimir Tarasenko.
14:34 of 3rd period - Shot Misses the Net.
14:36 of 3rd period - Shot by Vladimir Tarasenko.
14:36 of 3rd period - Stopped by Craig Anderson without a rebound.
14:37 of 3rd period - Aleksander Barkov wins face-off versus Jonathan Toews in Panthers zone.
14:43 of 3rd period - Off-side.
14:44 of 3rd period - Jonathan Toews wins face-off versus Aleksander Barkov in neutral zone.
15:02 of 3rd period - Shot by Tim Stutzle.
15:02 of 3rd period - Stopped by Craig Anderson without a rebound.
15:03 of 3rd period - Mikael Backlund wins face-off versus Vladimir Tarasenko in Panthers zone.
15:40 of 3rd period - Shot by Jamie Benn.
15:40 of 3rd period - Shot Misses the Net.
15:42 of 3rd period - Shot by Reilly Smith.
15:42 of 3rd period - Stopped by Stuart Skinner without a rebound.
15:43 of 3rd period - Aleksander Barkov wins face-off versus Mikko Rantanen in Avalanche zone.
16:06 of 3rd period - Shot by Aleksander Barkov.
16:06 of 3rd period - Stopped by Stuart Skinner without a rebound.
16:07 of 3rd period - Eeli Tolvanen wins face-off versus Frederick Gaudreau in Avalanche zone.
16:40 of 3rd period - Shot by Adam Henrique.
16:40 of 3rd period - Stopped by Craig Anderson without a rebound.
16:41 of 3rd period - Jonathan Toews wins face-off versus Aleksander Barkov in Panthers zone.
17:04 of 3rd period - Shot by Aleksander Barkov.
17:04 of 3rd period - Stopped by Stuart Skinner without a rebound.
17:05 of 3rd period - Mikael Backlund wins face-off versus Josh Norris in Avalanche zone.
17:26 of 3rd period - Shot by Max Pacioretty.
17:26 of 3rd period - Shot Misses the Net.
17:34 of 3rd period - Shot by Mikael Backlund.
17:34 of 3rd period - Shot Misses the Net.
18:01 of 3rd period - Josh Norris is hit by Andrei Svechnikov and loses puck.
18:21 of 3rd period - Icing by Colton Parayko.
18:22 of 3rd period - Roope Hintz wins face-off versus Adam Henrique in Avalanche zone.
18:22 of 3rd period - Brady Tkachuk is hit by Travis Sanheim.
18:38 of 3rd period - Shot by Adam Henrique.
18:38 of 3rd period - Deflect By Troy Terry.
18:38 of 3rd period - Stopped by Craig Anderson without a rebound.
18:39 of 3rd period - Jonathan Toews wins face-off versus Aleksander Barkov in Panthers zone.
18:40 of 3rd period - Shot by Tim Stutzle.
18:40 of 3rd period - Shot Misses the Net.
18:42 of 3rd period - Shot by Michael Anderson.
18:42 of 3rd period - Stopped by Craig Anderson without a rebound.
18:43 of 3rd period - Matthew Tkachuk wins face-off versus Adam Henrique in Panthers zone.
18:56 of 3rd period - Shot by Troy Terry.
18:56 of 3rd period - Stopped by Craig Anderson with a rebound.
19:10 of 3rd period - Shot by Matthew Tkachuk.
19:10 of 3rd period - Shot Misses the Net.
19:12 of 3rd period - Shot by Aleksander Barkov.
19:12 of 3rd period - Stopped by Stuart Skinner without a rebound.
19:13 of 3rd period - Roope Hintz wins face-off versus Jonathan Toews in Avalanche zone.
19:16 of 3rd period - Shot by Jack Hughes.
19:16 of 3rd period - Stopped by Stuart Skinner without a rebound.
19:17 of 3rd period - Tim Stutzle wins face-off versus Roope Hintz in Avalanche zone.
19:17 of 3rd period - Tim Stutzle is hit by Brady Tkachuk.
19:37 of 3rd period - Off-side.
19:38 of 3rd period - Adam Henrique wins face-off versus Andrei Svechnikov in neutral zone.
19:45 of 3rd period - Shot by Troy Terry.
19:45 of 3rd period - Shot Misses the Net.
19:59 of 3rd period - Shot by Troy Terry.
19:59 of 3rd period - Stopped by Craig Anderson without a rebound.
Goals for this period are 1 for Avalanche vs 0 for Panthers.
Shots for this period are 15 for Avalanche vs 11 for Panthers.

Overtime #1


0:01 of 1st overtime period - Mikko Rantanen wins face-off versus Aleksander Barkov in neutral zone.
0:21 of 1st overtime period - Shot by Matthew Tkachuk.
0:21 of 1st overtime period - Stopped by Stuart Skinner with a rebound.
0:30 of 1st overtime period - Shot by Aleksander Barkov.
0:30 of 1st overtime period - Stopped by Stuart Skinner without a rebound.
0:31 of 1st overtime period - Mikko Rantanen wins face-off versus Aleksander Barkov in Avalanche zone.
0:54 of 1st overtime period - Shot by Tim Stutzle.
0:54 of 1st overtime period - Stopped by Craig Anderson without a rebound.
0:55 of 1st overtime period - Jack Hughes wins face-off versus Max Pacioretty in Panthers zone.
1:04 of 1st overtime period - Shot by Vladimir Tarasenko.
1:04 of 1st overtime period - Deflect By Max Pacioretty.
1:04 of 1st overtime period - Shot Blocked by Quinn Hughes.
1:06 of 1st overtime period - Shot by Vladimir Tarasenko.
1:06 of 1st overtime period - Shot Misses the Net.
1:08 of 1st overtime period - Shot by Max Pacioretty.
1:08 of 1st overtime period - Deflect By Vladimir Tarasenko.
1:08 of 1st overtime period - Shot Misses the Net.
1:16 of 1st overtime period - Shot by Vladimir Tarasenko.
1:16 of 1st overtime period - Stopped by Craig Anderson with a rebound.
1:32 of 1st overtime period - Shot by Travis Sanheim.
1:32 of 1st overtime period - Stopped by Craig Anderson without a rebound.
1:33 of 1st overtime period - Mikko Rantanen wins face-off versus Aleksander Barkov in Panthers zone.
1:50 of 1st overtime period - Shot by Mikko Rantanen.
1:50 of 1st overtime period - Stopped by Craig Anderson with a rebound.
2:59 of 1st overtime period - Shot by Andrei Svechnikov.
2:59 of 1st overtime period - Shot Misses the Net.
3:13 of 1st overtime period - Shot by Vladimir Tarasenko.
3:13 of 1st overtime period - Goal by Vladimir Tarasenko - Avalanche : 3 - Panthers : 2.
Goals for this period are 1 for Avalanche vs 0 for Panthers.
Shots for this period are 5 for Avalanche vs 2 for Panthers.